 Dungeon Crawl Stone Soup version 0.30-a0-377-g5cb311bc9f (webtiles) character file.

Game seed: 13693912789426061230

2606 qeuew the Chopper (level 9, -5/118 HPs)
             Began as a Hill Orc Fighter on Nov 30, 2022.
             Was a Follower of Trog.
             Slain by an orc warrior
             ... wielding a +0 halberd
              (19 damage)
             ... on level 7 of the Dungeon.
             The game lasted 00:09:19 (4409 turns).

qeuew the Chopper (Hill Orc Fighter)                Turns: 4409, Time: 00:09:20

Health: -5/118     AC:  9    Str: 21    XL:     9   Next: 59%
Magic:  9/9        EV: 14    Int:  8    God:    Trog [*.....]
Gold:   357        SH:  7    Dex: 18    Spells: 8/8 levels left

rFire   . . .      SeeInvis +    a - +0 war axe
rCold   + + +      Faith    .    c - +1 buckler
rNeg    + + +      Spirit   .    j - +4 skin of Zhor {*Englaciate rC+++ SInv}
rPois   +          Reflect  .    (no helmet)
rElec   .          Harm     .    (no cloak)
rCorr   .          Rampage  .    (no gloves)
Will    .....                    e - +2 pair of boots of Dowdy Creativity {*Slow Fly rPois rN++}
Stlth   ..........               f - amulet of regeneration
HPRegen 1.19/turn                o - +6 ring of dexterity
MPRegen 0.11/turn                q - ring of positive energy

@: berserking, flying, very quick
A: no striking features
a: Renounce Religion, Berserk


You were on level 7 of the Dungeon.
You worshipped Trog.
Trog was aware of your devotion.
You visited 2 branches of the dungeon, and saw 8 of its levels.

You collected 357 gold pieces.

Inventory:

Hand Weapons
 a - a +0 war axe (weapon)
Missiles
 k - 5 throwing nets (quivered)
Armour
 c - a +1 buckler (worn)
 e - the +2 pair of boots of Dowdy Creativity (worn) {*Slow Fly rPois rN++}
   (You found it on level 2 of the Dungeon)

   rPois:     It protects you from poison.
   rN:        It greatly protects you from negative energy.
   Fly:       It grants you flight.
   *Slow:     It may slow you when you take damage.
 j - the +4 skin of Zhor (worn) {*Englaciate rC+++ SInv}
   (You found it on level 2 of the Dungeon)

   It radiates cold, occasionally slowing all nearby creatures who are not
   resistant to cold.
   rC:        It renders you almost immune to cold.
   SInv:      It lets you see invisible.
Jewellery
 f - an amulet of regeneration (around neck)
 o - a +6 ring of dexterity (left hand)
 q - a ring of positive energy (right hand)
Wands
 h - a wand of digging (5)
 l - a wand of iceblast (25)
 n - a wand of charming (5)
Scrolls
 b - 3 scrolls of blinking
 g - 3 scrolls of teleportation
 m - 2 scrolls of enchant weapon
 p - a scroll of acquirement {unknown}
 r - a scroll of identify
Potions
 d - 5 potions of might
 i - 5 potions of curing


   Skills:
 + Level 7.2 Fighting
 + Level 7.3 Axes
 + Level 6.7 Armour
 + Level 4.2 Dodging
 + Level 6.6 Shields
 + Level 4.6 Evocations


You had 8 spell levels left.
You didn't know any spells.
Your spell library contained the following spells:

 Spells                   Type           Power      Damage    Failure   Level
 Sandblast                Erth           0%         2d4       50%         1
 Slow                     Hex            0%         N/A       50%         1
 Blink                    Tloc           0%         N/A       63%         2
 Passwall                 Tmut/Erth      0%         N/A       63%         2
 Confusing Touch          Hex            0%         N/A       86%         3
 Stone Arrow              Conj/Erth      0%         3d7       86%         3
 Vampiric Draining        Necr           0%         2d6       86%         3
 Animate Armour           Summ/Erth      0%         N/A       99%         4
 Manifold Assault         Tloc           0%         N/A       99%         4
 Storm Form               Tmut/Air       0%         N/A       100%        7
 Lehudib's Crystal Spear  Conj/Erth      0%         10d2      100%        8


Dungeon Overview and Level Annotations

Branches:
Dungeon (7/15)             Temple (1/1) D:5

Altars:
Ashenzari
Cheibriados
Elyvilon
Fedhas
Gozag
Kikubaaqudgha
Trog
Uskayaw
Vehumet
Xom
Yredelemnul
Zin
The Shining One

Shops:
D:6 [**


Message History

You are too injured to fight recklessly!
You fail to use your ability.
The orc warrior hits you from afar with a +0 halberd!
The orc priest mumbles some strange prayers to Beogh against you.
Beogh smites you!
* * * LOW HITPOINT WARNING * * *
Unknown command.
Okay, then.
You barely miss the orc priest.
The orc priest is severely wounded.
You slash the orc priest!
You kill the orc priest!
Trog accepts your kill.
The orc warrior unwields a +0 halberd.
The orc warrior wields a +0 arbalest.
The orc warrior shoots a bolt.
You block the bolt.
The orc warrior unwields a +0 arbalest.
The orc warrior wields a +0 halberd.
The orc warrior hits you with a +0 halberd!
* * * LOW HITPOINT WARNING * * *
Items here: )) [ †.
A red film seems to cover your vision as you go berserk!
You feel yourself moving faster!
You feel mighty!
Unknown command.
You barely miss the orc warrior.
You radiate an aura of cold.
The orc warrior seems to slow down.
The orc warrior hits you with a +0 halberd!
* * * LOW HITPOINT WARNING * * *
You barely miss the orc warrior.
You hit the orc warrior but do no damage.
The orc warrior misses you.
You closely miss the orc warrior. You hit the orc warrior.
The orc warrior is moderately wounded.
You block the orc warrior's attack.
You hit the orc warrior.
The orc warrior is moderately wounded.
You slash the orc warrior!
The orc warrior is severely wounded.
You radiate an aura of cold.
The orc warrior seems to slow down.
The orc warrior hits you with a +0 halberd!!
You die...

........# #.####
........# #.##.##
).......####.#...####
................<...+
....###.####.#...####
#...###.# ##.##.##
##......# #..>##.##
##.##### #.....#.#
#.# #...##@## ###
######o# #.# #.# #..
### # ... # #^# # #.#


You could see an orc warrior (slow).

Vanquished Creatures
  Pikel (D:5)
  A water moccasin (D:7)
  Duvessa (D:6)
  2 ice beasts
  A sky beast (D:7)
  An ogre (D:6)
  2 black bears
  A centaur (D:6)
  A phantom (D:6)
  2 lemures (D:5)
  Blork the orc (D:5)
  A gnoll sergeant (D:7)
  2 necrophages
  4 scorpions
  Dowan (D:6)
  A howler monkey (D:7)
  2 hounds
  An orc priest (D:7)
  2 gnoll boudas
  4 iguanas
  2 orc wizards (D:6)
  18 gnolls
  11 adders
  2 shadow imps
  An ufetubus (D:6)
  3 worms
  A dart slug (D:2)
  16 orcs
  11 endoplasms
  6 giant cockroaches
  8 goblins
  7 hobgoblins
  9 jackals
  6 quokkas
  5 ball pythons
  6 bats
  5 frilled lizards
  9 kobolds
  6 rats
164 creatures vanquished.

Notes
Turn   | Place    | Note
-------+----------+-------------------------------------------
     0 | D:1      | qeuew the Hill Orc Fighter began the quest for the Orb.
     0 | D:1      | Reached XP level 1. HP: 19/19 MP: 1/1
    66 | D:1      | Reached XP level 2. HP: 27/27 MP: 2/2
   538 | D:2      | Reached XP level 3. HP: 33/33 MP: 3/3
   577 | D:2      | Found a faded altar of an unknown god.
   628 | D:2      | Identified the +2 pair of boots of Dowdy Creativity {*Slow
                  | Fly rPois rN++}
   806 | D:2      | Reached skill level 1 in Dodging
   817 | D:2      | Found the +4 skin of Zhor {*Englaciate rC+++ SInv}
   824 | D:2      | Reached XP level 4. HP: 37/40 MP: 4/4
  1236 | D:3      | Reached XP level 5. HP: 45/47 MP: 5/5
  2205 | D:4      | Reached skill level 1 in Evocations
  2205 | D:4      | Reached XP level 6. HP: 45/53 MP: 6/6
  2468 | D:5      | Entered Level 5 of the Dungeon
  2504 | D:5      | Reached skill level 5 in Fighting
  2517 | D:5      | Noticed a black bear
  2533 | D:5      | Killed a black bear
  2534 | D:5      | Reached XP level 7. HP: 53/61 MP: 7/7
  2602 | D:5      | Reached skill level 5 in Axes
  2610 | D:5      | Reached skill level 5 in Shields
  2622 | D:5      | Noticed Blork the orc
  2633 | D:5      | Killed Blork the orc
  2634 | D:5      | Reached skill level 5 in Armour
  2704 | D:5      | Noticed Pikel
  2723 | D:5      | Killed Pikel
  2724 | D:5      | Reached XP level 8. HP: 52/70 MP: 8/8
  2843 | D:5      | Found a staircase to the Ecumenical Temple.
  3001 | Temple   | Entered the Ecumenical Temple
  3125 | Temple   | Became a worshipper of Trog the Wrathful
  3325 | D:6      | Found Erheuh's Armour Shoppe.
  3343 | D:6      | Found a shimmering altar of Xom.
  3345 | D:6      | Found a shimmering altar of Xom.
  3346 | D:6      | Found a shimmering altar of Xom.
  3347 | D:6      | Found a shimmering altar of Xom.
  3353 | D:6      | Found Lassecs's Assorted Antiques.
  3355 | D:6      | Found a shimmering altar of Xom.
  3356 | D:6      | Found a shimmering altar of Xom.
  3380 | D:6      | Noticed Duvessa
  3392 | D:6      | Killed Duvessa
  3392 | D:6      | Noticed Dowan
  3413 | D:6      | Killed Dowan
  3451 | D:6      | Reached XP level 9. HP: 78/78 MP: 9/9
  3510 | D:6      | Found a hide-covered altar of Uskayaw.
  3581 | D:6      | Found Hufub's Assorted Antiques.
  4114 | D:7      | Identified the +2 robe of Eternal Vigilance {+Blink Stlth+
                  | Archmagi}
  4286 | D:7      | Reached * piety under Trog
  4409 | D:7      | Slain by an orc warrior

Illustrated notes

Levels and vault maps discovered:
D:1:      dpeg_arrival_simpleton_a, layout_basic
D:2:      layout_basic, nicolae_ecumenical_oubliette
D:3:      layout_loops_cross, minmay_joined_circles, uniq_crazy_yiuf_cottage
D:4:      layout_cave_pools
D:5:      layout_rooms, minmay_temple_entry_glassed_door, uniq_blork_the_orc,
          uniq_pikel
D:6:      layout_cave_pools, mainiacjoe_overflow_six_doors_small,
          xom_redecorated, serial_shops, nicolae_shop_statue_plus, shop, shop,
          lemuel_flamethrower_2, uniq_duvessa
D:7:      layout_loops_corners, nicolae_wu_jian_immortal_techniques,
          skrybe_limestone_x
Temple:   chequers_temple_sunken

Skill      XL: |  1  2  3  4  5  6  7  8  9 |
---------------+----------------------------+-----
Axes           | 3 4 5 6 7 |  7.3
Fighting       | 4 5 6 7 |  7.2
Dodging        | 1 2 3 4 |  4.2
Shields        | 4 5 6 |  6.6
Armour         | 4 5 6 |  6.7
Evocations     | 1 3 4 |  4.6

Action                   |  1- 3 |  4- 6 |  7- 9 || total
-------------------------+-------+-------+-------++-------
Melee: War axe           |   115 |   197 |   261 ||   573
Invok: Berserk           |       |       |     1 ||     1
  Use: Scroll            |     3 |     5 |     3 ||    11
       Potion            |     1 |     3 |       ||     4
 Stab: Sleeping          |       |     3 |     1 ||     4
       Distracted        |       |       |     2 ||     2
Armor: Scale mail        |    98 |     2 |       ||   100
       Animal skin       |       |    52 |    72 ||   124
Dodge: Dodged            |    52 |    88 |   128 ||   268
Block: Buckler           |    46 |    48 |    87 ||   181

Table legend: (Time is in decaauts)
 A = Elapsed time spent in this place.
 B = Non-inter-level travel time spent in this place.
 C = Inter-level travel time spent in this place.
 D = Time resting spent in this place.
 E = Time spent auto-exploring this place.
 F = Levels seen in this place.
 G = Mean time per level.
                   A        B        C        D        E       F      G
               +--------+--------+--------+--------+--------+-----+--------+
         Total |   4583 |   4414 |    169 |      0 |   3097 |   8 |  572.9 |
       Dungeon |   4447 |   4288 |    159 |      0 |   3010 |   7 |  635.3 |
        Temple |    135 |    125 |     10 |      0 |     87 |   1 |  135.0 |
               +--------+--------+--------+--------+--------+-----+--------+

Top non-repeatable levels by time:
     D:3: 893 daAuts
     D:5: 639 daAuts
     D:7: 634 daAuts
     D:6: 604 daAuts
     D:2: 592 daAuts
     D:4: 548 daAuts
     D:1: 533 daAuts
  Temple: 135 daAuts
